 Dungeon Crawl Stone Soup version 0.27-a0-492-ga4bb394fd4 (webtiles) character file.

Game seed: 17727227572727837316

62 Nattfarinn the Changer (level 4, -6/28 HPs)
             Began as an Octopode Transmuter on Mar 2, 2021.
             Shot with an arrow by a centaur (11 damage)
             ... on level 2 of the Dungeon.
             The game lasted 00:02:29 (2473 turns).

Nattfarinn the Changer (Octopode Transmuter)        Turns: 2473, Time: 00:02:30

Health: -6/28      AC:  1    Str:  9    XL:     4   Next: 8%
Magic:  7/7        EV: 14    Int: 16    God:
Gold:   113        SH:  0    Dex: 18    Spells: 3/7 levels left

rFire    . . .     SeeInvis +     - Unarmed
rCold    + . .     Faith    .   (no shield)
rNeg     . . .     Spirit   .   (helmet restricted)
rPois    .         Reflect  .   (no amulet)
rElec    .         Harm     .   h - ring of see invisible
rCorr    .         Rampage  .   j - ring of protection from cold
Will     .....                  k - +6 ring of dexterity
Stlth    +++.......             (no ring)
HPRegen  0.09/turn              (no ring)
MPRegen  0.10/turn              (no ring)
                                (no ring)
                                (no ring)

@: no status effects
A: almost no armour, stealthy swim, amphibious, 8 rings, constrict 8, camouflage
1, gelatinous body 1
a: no special abilities


You were on level 2 of the Dungeon.
You visited 1 branch of the dungeon, and saw 2 of its levels.

You collected 113 gold pieces.

Inventory:

Missiles
 a - 6 silver javelins
Jewellery
 h - a ring of see invisible (left tentacle)
 j - a ring of protection from cold (right tentacle)
 k - a +6 ring of dexterity (on tentacle)
Scrolls
 b - 2 scrolls of identify {unknown}
 d - a scroll of random uselessness {unknown}
 e - a scroll of fog {unknown}
 f - 2 scrolls of teleportation {unknown}
 g - a scroll of noise {unknown}
Potions
 c - a potion of magic {unknown}
 i - a potion of experience {unknown}
 l - a potion of curing {unknown}


   Skills:
 - Level 1.0 Fighting
 - Level 2.0 Dodging
 - Level 3.0 Unarmed Combat
 - Level 2.0 Spellcasting
 + Level 4.2 Transmutations


You had 3 spell levels left.
You knew the following spells:

 Your Spells              Type           Power        Failure   Level
a - Beastly Appendage     Tmut           30%          3%          1
b - Spider Form           Tmut/Pois      4%           26%         3

Your spell library contained the following spells:

 Spells                   Type           Power        Failure   Level
 Wereblood                Tmut           15%          5%          2
 Ice Form                 Ice/Tmut       8%           65%         4
 Blade Hands              Tmut           7%           69%         5


Dungeon Overview and Level Annotations

Branches:
Dungeon (2/15)

Altars:
Fedhas
Qazlal


Innate Abilities, Weirdness & Mutations

You cannot wear most types of armour.
You are very stealthy in the water. (Stealth+)
You are amphibious.
You can wear up to eight rings at the same time.
You can use your tentacles to constrict eight enemies at once.
Your skin changes colour to match your surroundings (Stealth+).
Your rubbery body absorbs attacks. (AC +1, EV +1)


Message History

You finish memorising.
Spell assigned to 'b'.
You now have 101 gold pieces (gained 6).
Things that are here:
a +0 club; a hobgoblin corpse You now have 113 gold pieces (gained 12).
A quokka comes into view.
The quokka moves out of view.
The quokka bites something!
A quokka is nearby!
Found 26 arrows.
There are monsters nearby!
A centaur comes into view.
The centaur shouts!
The centaur hits the plant.
The plant begins to die.
You miss the quokka. Your grab misses the quokka.
The centaur hits the plant!
The quokka bites you.
The centaur hits the plant.
The quokka closely misses you.
You tentacle-slap the quokka but do no damage.
You grab the quokka. You squeeze the quokka.
The quokka is almost dead.
You constrict the quokka, but do no damage.
The centaur hits the plant.
The quokka barely misses you.
You tentacle-slap the quokka but do no damage.
The quokka is almost dead.
You constrict the quokka.
You kill the quokka!
The centaur hits the plant!
The centaur hits the plant.
No reachable target in view!
A centaur is nearby!
No reachable target in view!
No reachable target in view!
No reachable target in view!
The centaur hits the plant!
A nearby plant withers and dies.
The centaur wields a +0 shortbow.
The centaur shoots an arrow.
The arrow hits you!
A quokka comes into view.
The centaur shoots an arrow.
The arrow hits you!
* * * LOW HITPOINT WARNING * * *
The centaur shoots an arrow.
The arrow hits you!
You die...

#..P..........P..♣........P♣ #..
##.#..P.........PP.♣...###.♣.♣...
#...P.......8.....♣....# ♣....
#......................#+#.♣P....
#......♣....8..♣P.P........w.....
#.....♣..♣..P.P♣♣...#........♣...
#....♣♣.♣♣♣...♣....#......... ♣.^
##.#♣[.♣♣..P..♣P..#....P#+#.♣ ♣.^
#.♣..P..(P♣.♣♣.@.......# #..♣♣.^
#.♣♣♣.P♣♣.P♣♣P.......P.###.P.♣..
##.#♣.♣P...♣.....#+#.(......♣....
....♣♣♣.P.♣♣♣....# .............
.......♣P♣♣.c♣.P.# ..⌠.........†
.....P♣.♣♣r.♣.♣..# ...P.........
.....♣♣♣♣§♣P♣♣♣..P. ......♣..#.
.....♣.♣§§§ ♣♣.....# #......#†
........§♣ ♣♣)♣.♣....# +....♣##.


You could see a centaur and a quokka.

Vanquished Creatures
  An adder (D:2)
  2 worms (D:2)
  2 dart slugs (D:1)
  A leopard gecko (D:1)
  2 giant cockroaches
  4 goblins
  7 hobgoblins
  3 kobolds
  5 quokkas (D:2)
  2 ball pythons (D:1)
  6 bats
  A frilled lizard (D:1)
  5 rats
41 creatures vanquished.

Vanquished Creatures (others)
  A fungus (D:2)
  30 plants (D:2)
31 creatures vanquished.

Grand Total: 72 creatures vanquished

Notes
Turn   | Place    | Note
-------+----------+-------------------------------------------
     0 | D:1      | Nattfarinn the Octopode Transmuter began the quest for the
                  | Orb.
     0 | D:1      | Reached XP level 1. HP: 13/13 MP: 3/3
   385 | D:1      | Reached XP level 2. HP: 8/18 MP: 5/5
   773 | D:1      | Reached skill level 3 in Transmutations
  1267 | D:1      | Reached XP level 3. HP: 17/23 MP: 6/6
  2037 | D:2      | Found a blossoming altar of Fedhas.
  2056 | D:2      | Found a stormy altar of Qazlal.
  2124 | D:2      | Reached skill level 4 in Transmutations
  2417 | D:2      | Reached XP level 4. HP: 28/28 MP: 7/7
  2440 | D:2      | Learned a level 3 spell: Spider Form
  2467 | D:2      | Noticed a centaur
  2473 | D:2      | Shot with an arrow by a centaur

Illustrated notes

Levels and vault maps discovered:
D:1:      shiori_shiawase, layout_loops_corners, kennysheep_small_spiral,
          roderic_roman_lattice
D:2:      wad_woods_settlement, layout_rooms,
          grunt_temple_overflow_forces_of_nature,
          amethyst_overflow_temple_binary

Skill      XL: |  1  2  3 |
---------------+----------+-----
Transmutations | 3 4 |  4.2
Fighting       | |  1.0
Dodging        | |  2.0
Unarmed Combat | |  3.0
Spellcasting   | |  2.0

Action                   |  1- 3 |  4- 6 || total
-------------------------+-------+-------++-------
Melee: Unarmed           |    98 |     8 ||   106
       Constrict         |    27 |     2 ||    29
       Tentacles         |    17 |     2 ||    19
       Punch             |     3 |       ||     3
 Stab: Sleeping          |     7 |       ||     7
Armor: Skin              |     6 |       ||     6
Dodge: Dodged            |    61 |     4 ||    65

Table legend: (Time is in decaauts)
 A = Elapsed time spent in this place.
 B = Non-inter-level travel time spent in this place.
 C = Inter-level travel time spent in this place.
 D = Time resting spent in this place.
 E = Time spent auto-exploring this place.
 F = Levels seen in this place.
 G = Mean time per level.
                   A        B        C        D        E       F      G
               +--------+--------+--------+--------+--------+-----+--------+
         Total |   2464 |   2399 |     65 |    411 |   1722 |   2 | 1232.0 |
       Dungeon |   2464 |   2399 |     65 |    411 |   1722 |   2 | 1232.0 |
               +--------+--------+--------+--------+--------+-----+--------+

Top non-repeatable levels by time:
     D:1: 1923 daAuts
     D:2: 541 daAuts
